 Dungeon Crawl Stone Soup version 0.32-a0-799-g95e1662365 (webtiles) character file.

Game seed: 12221293009311220581

51410 olmar the Bludgeoner (level 14, -1/128 (129) HPs)
             Began as a Mountain Dwarf Fighter on Mar 21, 2024.
             Was an Initiate of Gozag.
             Killed by divine providence
             ... invoked by Saint Roka
              (17 damage)
             ... on level 2 of the Orcish Mines.
             The game lasted 00:34:02 (19028 turns).

olmar the Bludgeoner (Mountain Dwarf Fighter)      Turns: 19028, Time: 00:34:03

HP:   -1/128 (129)  AC: 21    Str: 25    XL:     14   Next: 23%
MP:   14/14         EV: 22    Int: 13    God:    Gozag
Gold: 1545          SH: 11    Dex:  9    Spells: 13/13 levels left

rFire   + + .        d - +3 eveningstar (protect)
rCold   . . .        I - +0 kite shield
rNeg    . . .        v - +1 chain mail of Perfidy {rF++ Str+2}
rPois   +            N - +1 helmet {Int+3}
rElec   .            M - +1 cloak
rCorr   +            l - +0 pair of gloves
SInv    .            H - +0 pair of boots
Will    +....        Q - amulet of the acrobat Stlth
                     D - ring of resist corrosion
HPRegen 0.41/turn    y - ring of poison resistance
MPRegen 0.14/turn

%: acrobat
@: acrobatic, lightly drained
A: runic magic, artefact enchanting
a: Renounce Religion, Potion Petition, Call Merchant, Bribe Branch


You were on level 2 of the Orcish Mines.
You worshipped Gozag.
Gozag was most pleased with you.
You visited 3 branches of the dungeon, and saw 17 of its levels.
You also visited: Bailey.

You collected 3498 gold pieces.
You spent 1023 gold pieces at shops.
You paid 930 gold pieces to Gozag.

Inventory:

Hand Weapons
 d - a +3 eveningstar of protection (weapon)
Missiles
 n - 31 poisoned darts
 p - 11 javelins
 C - 18 boomerangs
Armour
 g - the +0 chain mail "Tirol" {rElec MP+9 Str+4}
   (You bought it in a shop on level 12 of the Dungeon)

   Str+4:     It affects your strength (+4).
   rElec:     It insulates you from electricity.
   MP+9:      It affects your magic capacity (+9).
 l - a +0 pair of gloves (worn)
 v - the +1 chain mail of Perfidy (worn) {rF++ Str+2}
   (You bought it in a shop on level 12 of the Dungeon)

   Str+2:     It affects your strength (+2).
   rF++:      It greatly protects you from fire.
 H - a +0 pair of boots (worn)
 I - a +0 kite shield (worn)
 J - quicksilver dragon scales
 M - a +1 cloak (worn)
 N - a +1 helmet of intelligence (worn)
Jewellery
 y - a ring of poison resistance (right hand)
 D - a ring of resist corrosion (left hand)
 K - a ring of fire
 Q - an amulet of the acrobat (around neck)
Wands
 w - a wand of mindburst (6)
 L - a wand of warping (5)
 P - a wand of quicksilver (5)
 R - a wand of polymorph (9)
Scrolls
 b - 2 scrolls of blinking
 c - a scroll of torment
 f - a scroll of revelation {unknown}
 i - 4 scrolls of amnesia
 q - 2 scrolls of teleportation
 r - 4 scrolls of enchant armour
 s - 3 scrolls of butterflies
 t - a scroll of poison {unknown}
 u - 4 scrolls of brand weapon
 z - 4 scrolls of enchant weapon
 E - 4 scrolls of vulnerability
 G - a scroll of fog {unknown}
 O - 4 scrolls of noise
Potions
 a - a potion of heal wounds
 e - 3 potions of brilliance
 j - 3 potions of magic
 k - 5 potions of enlightenment
 m - 3 potions of mutation
 o - 2 potions of lignification
 F - 3 potions of curing


   Skills:
 + Level 13.1 Fighting
 + Level 17.2 Maces & Flails
 + Level 12.7 Armour
 + Level 12.6 Shields
 + Level 5.2 Evocations


You had 13 spell levels left.
You didn't know any spells.
Your spell library contained the following spells:

 Spells                   Type           Power      Damage    Failure   Level
 Foxfire                  Conj/Fire      0%         2x1d4     54%         1
 Kiss of Death            Conj/Necr      0%         2d5       54%         1
 Sandblast                Erth           0%         2d4       54%         1
 Cigotuvi's Dreadful Rot  Necr/Alch/Air  0%         N/A       69%         2
 Confusing Touch          Hex            0%         N/A       89%         3
 Frozen Ramparts          Ice            0%         1d1       89%         3
 Inner Flame              Hex/Fire       0%         N/A       89%         3
 Ozocubu's Armour         Ice            0%         N/A       89%         3
 Passwall                 Erth           0%         N/A       89%         3
 Stone Arrow              Conj/Erth      0%         3d7       89%         3
 Volatile Blastmotes      Fire/Tloc      0%         2d10      89%         3
 Brom's Barrelling Bould  Conj/Erth      0%         2d3       100%        4
 Dispel Undead            Necr           0%         3d6       100%        4
 Flame Wave               Conj/Fire      0%         2d4       100%        4
 Ignite Poison            Fire/Alch      0%         N/A       100%        4
 Sticky Flame             Fire/Alch      0%         2d4       100%        4
 Freezing Cloud           Conj/Ice/Air   0%         6-21      100%        5
 Metabolic Englaciation   Hex/Ice        0%         N/A       100%        5
 Bombard                  Conj/Erth      0%         9d1       100%        6
 Plasma Beam              Fire/Air       0%         2x1d10    100%        6
 Starburst                Conj/Fire      0%         6d3       100%        6


Dungeon Overview and Level Annotations

Branches:
Dungeon (14/15)            Temple (1/1) D:7            Lair (0/5) D:9
    Orc (2/2) D:12            Elf (0/3) Orc:2        Bailey (visited)
 Vaults: D:13-14

Altars:
Ashenzari
Cheibriados
Dithmenos
Elyvilon
Fedhas
Gozag
Hepliaklqana
Kikubaaqudgha
Makhleb
Nemelex Xobeh
Okawaru
Qazlal
Ru
Sif Muna
Trog
Uskayaw
Vehumet
Wu Jian
Xom
Yredelemnul
Zin
The Shining One

Shops:
D:9 [   D:12 [[?(:   Orc:1 (

Annotations:
D:6 2 runed translucent doors
D:9 exclusion: ice statue
Orc:2 Saint Roka


Innate Abilities, Weirdness & Mutations

Your spellcasting is much less encumbered by armour.
You can use scrolls of enchantment on lesser artefacts.


Message History

Unknown command.
Unknown command.
Okay, then.
Something misses you.
Saint Roka mumbles some strange prayers to Beogh against you.
Beogh smites you!
Saint Roka roars a battlecry!
You hear a shout!
Saint Roka invokes the aid of Beogh against you.
Beogh smites you! You block something's attack. Something barely misses you.
Something hits you but does no damage.
A kobold blastminer comes into view.
The kobold blastminer shouts!
A kobold blastminer comes into view.
A magic dart appears from out of thin air!
The magic dart hits you but does no damage.
Saint Roka calls down the wrath of Beogh upon you.
Beogh smites you!
The kobold blastminer shouts!
The kobold blastminer blasts its cannon at you.
The iron shot hits you!!
The kobold blastminer is knocked back by the blast.
The kobold blastminer wields a +0 arbalest.
The kobold blastminer shoots a bolt.
The bolt closely misses you.
The kobold blastminer wields a +0 orcbow.
The kobold blastminer shoots an arrow.
The arrow misses you.
Things that are here:
a +0 chain mail; a +0 short sword of draining The kobold blastminer shoots a bolt.
The bolt hits you.
The kobold blastminer shoots an arrow.
The arrow barely misses you.
The kobold blastminer blasts its cannon at you.
The iron shot hits you!!!
* * * LOW HITPOINT WARNING * * *
Saint Roka mumbles some strange prayers to Beogh against you.
Beogh smites you!
You die...
Saint Roka roars, "Praise to Beogh!"
Your body crumbles into a pile of gold.

################
#####..#...#.....#.#.
##.##.................
#...#.......).........
#...........[[........
####.##(....).@.[.......
##.####.o....[).KK.....#.
##...............[......#
#.#....................#..
...................#...# .
(........................
..................##.#..#.
..#.......#.......# .....#
..#.......#......... ....#


You could see Saint Roka and 2 kobold blastminers.

Vanquished Creatures
  Frances (D:13)
  An orc warlord (Orc:1)
  Azrael (D:13)
  2 hydras
  5 two-headed ogres
  A death knight (D:12)
  4 centaur warriors
  A boulder beetle (D:11)
  Urug (Orc:1)
  2 orc high priests
  Nergalle (Orc:2)
  4 skeletal warriors (D:13)
  Pikel (D:7)
  3 phantasmal warriors (D:12)
  An orc knight (Orc:2)
  2 ugly things
  3 orc sorcerers
  Maurice (D:7)
  2 gargoyles
  An unseen horror (D:10)
  A komodo dragon (D:10)
  An efreet (D:13)
  A freezing wraith (D:12)
  11 trolls
  2 hornets (D:9)
  Prince Ribbit (D:5)
  2 shadows
  11 slime creatures
  6 spriggans (Bailey)
  2 yaks (D:10)
  2 wyverns
  A vampire (D:10)
  5 fire elementals (D:13)
  A wraith (D:10)
  Eustachio (D:5)
  A basilisk (D:7)
  9 vampire mosquitoes
  Menkaure (D:7)
  Edmund (D:5)
  2 acid dragons
  2 hell hounds (D:13)
  3 sky beasts
  2 water moccasins
  32 orc warriors
  12 ogres
  10 centaurs
  2 lemures (D:7)
  2 phantoms (D:7)
  3 kobold brigands
  2 bullfrogs
  4 gnoll sergeants
  3 scorpions
  5 wights
  16 killer bees
  2 electric eels (D:13)
  8 howler monkeys
  2 bombardier beetles
  A jelly (D:8)
  19 orc priests
  A gnoll bouda (D:5)
  A hound (D:7)
  18 orc wizards
  5 iguanas
  2 sleepcaps (D:7)
  26 gnolls
  8 adders
  A shadow imp (D:8)
  A white imp (D:8)
  4 dart slugs
  4 ribbon worms
  54 orcs
  8 endoplasms
  4 giant cockroaches
  8 hobgoblins
  3 jackals (D:3)
  22 kobolds
  4 quokkas
  4 ball pythons
  3 bats
  4 frilled lizards
  11 goblins
  5 rats
431 creatures vanquished.

Vanquished Creatures (others)
  An orc wizard (Orc:2)
  An orc (Orc:2)
2 creatures vanquished.

Grand Total: 433 creatures vanquished

Notes
Turn   | Place    | Note
-------+----------+-------------------------------------------
     0 | D:1      | olmar the Mountain Dwarf Fighter began the quest for the
                  | Orb.
     0 | D:1      | Reached XP level 1. HP: 19/19 MP: 1/1
   238 | D:1      | Reached XP level 2. HP: 24/26 MP: 2/2
   522 | D:1      | Reached XP level 3. HP: 31/31 MP: 3/3
   881 | D:1      | Reached skill level 3 in Maces & Flails
  1075 | D:2      | Reached XP level 4. HP: 16/40 MP: 4/4
  1820 | D:3      | Found a glowing golden altar of the Shining One.
  2060 | D:3      | Reached skill level 4 in Maces & Flails
  2306 | D:3      | Identified the +0 robe "Hic Jurchurywn" {rElec rCorr Str+2
                  | Int-5}
  2348 | D:3      | Found a shimmering blue altar of Sif Muna.
  2348 | D:3      | Found an ancient bone altar of Kikubaaqudgha.
  2770 | D:4      | Reached XP level 5. HP: 46/46 MP: 5/5
  2812 | D:4      | Reached skill level 5 in Maces & Flails
  3038 | D:4      | Reached XP level 6. HP: 48/52 MP: 6/6
  3088 | D:4      | Identified the +4 robe of Cublit {Fly Str-4 Dex+2}
  3445 | D:5      | Entered Level 5 of the Dungeon
  3454 | D:5      | Reached skill level 6 in Maces & Flails
  3617 | D:5      | Reached skill level 5 in Armour
  3764 | D:5      | Noticed Prince Ribbit
  3781 | D:5      | Killed Prince Ribbit
  3782 | D:5      | Reached skill level 7 in Maces & Flails
  3782 | D:5      | Reached XP level 7. HP: 21/60 MP: 7/7
  3783 | D:5      | Noticed Eustachio
  3799 | D:5      | Noticed Edmund
  3804 | D:5      | Killed Eustachio
  3816 | D:5      | Reached skill level 5 in Fighting
  3825 | D:5      | Killed Edmund
  3826 | D:5      | Reached skill level 8 in Maces & Flails
  3826 | D:5      | Reached XP level 8. HP: 20/68 MP: 8/8
  4974 | D:6      | Reached skill level 9 in Maces & Flails
  4974 | D:6      | Reached skill level 5 in Shields
  4978 | D:6      | Found a large runed translucent door.
  5020 | D:6      | Found a large runed translucent door.
  5020 | D:6      | Found a shimmering altar of Xom.
  5866 | D:7      | Reached skill level 10 in Maces & Flails
  6187 | D:7      | Noticed Pikel
  6215 | D:7      | Killed Pikel
  6216 | D:7      | Reached XP level 9. HP: 60/78 MP: 9/9
  6340 | D:7      | Noticed Maurice
  6354 | D:7      | Killed Maurice
  6355 | D:7      | Reached skill level 11 in Maces & Flails
  6603 | D:7      | Noticed Menkaure
  6611 | D:7      | Killed Menkaure
  7166 | D:7      | Reached skill level 1 in Evocations
  7189 | D:7      | Found a staircase to the Ecumenical Temple.
  7259 | Temple   | Entered the Ecumenical Temple
  7265 | Temple   | Became a worshipper of Gozag Ym Sagoz the Greedy
  7328 | D:8      | Reached skill level 12 in Maces & Flails
  7384 | D:8      | Reached XP level 10. HP: 68/86 MP: 10/10
  7741 | D:8      | Found a faded altar of an unknown god.
  7741 | D:8      | Found a faded altar of an unknown god.
  7749 | D:8      | Found a burning altar of Makhleb.
  7751 | D:8      | Found a glowing silver altar of Zin.
  7753 | D:8      | Found a stormy altar of Qazlal.
  8183 | D:9      | Noticed an ice statue
  8225 | D:9      | Found Riqatuxt's Antique Armour Shop.
  8253 | D:9      | Bought a shiny helmet for 157 gold pieces
  8620 | D:9      | Paralysed by a hornet for 1 turns
  8808 | D:9      | Reached skill level 13 in Maces & Flails
  8871 | D:9      | Found a staircase to the Lair.
  9141 | D:10     | Entered Level 10 of the Dungeon
  9212 | D:10     | Found a flagged portal.
  9230 | Bailey   | Entered a bailey
  9607 | Bailey   | Reached XP level 11. HP: 22/95 MP: 11/11
  9640 | Bailey   | Noticed a two-headed ogre
  9658 | Bailey   | Killed a two-headed ogre
  9659 | Bailey   | Reached skill level 14 in Maces & Flails
 10697 | D:10     | Noticed a two-headed ogre
 10698 | D:10     | Noticed a two-headed ogre
 10703 | D:10     | Noticed an eight-headed hydra
 11137 | D:10     | Killed a two-headed ogre
 11204 | D:10     | Killed a two-headed ogre
 11205 | D:10     | Reached skill level 10 in Armour
 11212 | D:10     | Noticed a centaur warrior
 11225 | D:10     | Killed a centaur warrior
 11548 | D:10     | Killed an eight-headed hydra
 12050 | D:11     | Noticed a boulder beetle
 12076 | D:11     | Killed a boulder beetle
 12411 | D:12     | Reached skill level 15 in Maces & Flails
 12411 | D:12     | Reached XP level 12. HP: 76/106 MP: 12/12
 12517 | D:12     | Reached skill level 10 in Fighting
 12608 | D:12     | Found Plog's Book Shop.
 12629 | D:12     | Found Ymiaf's Magic Scroll Boutique.
 12633 | D:12     | Found Xaeforul's Antique Armour Emporium.
 12635 | D:12     | Bought a scroll of blinking for 105 gold pieces
 12635 | D:12     | Bought a scroll of identify for 28 gold pieces
 12635 | D:12     | Bought a scroll of teleportation for 42 gold pieces
 12635 | D:12     | Bought 3 scrolls of identify for 84 gold pieces
 12635 | D:12     | Bought a scroll of identify for 28 gold pieces
 12635 | D:12     | Identified a scroll of acquirement
 12640 | D:12     | Reached skill level 10 in Shields
 12640 | D:12     | Reached skill level 5 in Evocations
 12640 | D:12     | Reached XP level 13. HP: 114/114 MP: 13/13
 12641 | D:12     | Acquired a +3 eveningstar of protection
 12660 | D:12     | Bought an encrusted chain mail for 285 gold pieces
 12660 | D:12     | Identified the +0 chain mail "Tirol" {rElec MP+9 Str+4}
                  | (You bought it in a shop on level 12 of the Dungeon)
 12928 | D:12     | Found Eniredyc's Antique Armour Emporium.
 12937 | D:12     | Bought a bloodstained chain mail for 294 gold pieces
 12937 | D:12     | Identified the +1 chain mail of Perfidy {rF++ Str+2} (You
                  | bought it in a shop on level 12 of the Dungeon)
 13029 | D:12     | Found a staircase to the Orcish Mines.
 13048 | D:12     | Found Irghiarph's Antique Weapon Shop.
 13364 | D:12     | Reached skill level 16 in Maces & Flails
 14898 | D:13     | Noticed Azrael
 14912 | D:13     | Killed Azrael
 15128 | D:13     | Noticed Frances
 15162 | D:13     | Killed Frances
 15489 | D:13     | Found a white marble altar of Elyvilon.
 16332 | Orc:1    | Entered Level 1 of the Orcish Mines
 16344 | Orc:1    | Found a shimmering altar of Xom.
 16602 | Orc:1    | Noticed an orc warlord
 16627 | Orc:1    | Killed an orc warlord
 17038 | Orc:2    | Entered Level 2 of the Orcish Mines
 17040 | Orc:2    | Noticed Urug
 17041 | Orc:2    | Reached XP level 14. HP: 127/127 MP: 14/14
 17197 | Orc:1    | Killed Urug
 17289 | Orc:1    | Reached skill level 17 in Maces & Flails
 17811 | Orc:2    | Found a staircase to the Elven Halls.
 18050 | Orc:2    | Noticed Nergalle
 18873 | Orc:2    | Killed Nergalle
 18964 | Orc:2    | Noticed Saint Roka
 19028 | Orc:2    | Killed from afar by Saint Roka

Illustrated notes

Levels and vault maps discovered:
D:1:      scummos_arrival_simple_crosswalls, layout_loops_cross, minmay_cut_off
D:2:      layout_rooms, minivault_4, dk_noncrumbling_3
D:3:      layout_basic, tso_oasis_becter, nicolae_overflow_two_pavilions
D:4:      layout_basic, minmay_three_crescents
D:5:      layout_loops_ring, nicolae_zen_rock_garden, uniq_edmund,
          uniq_eustachio, uniq_prince_ribbit1
D:6:      due_chaos_kobolds, layout_basic
D:7:      layout_basic, minmay_temple_entry_poolview, minmay_three_doors,
          uniq_menkaure, uniq_pikel, uniq_maurice
D:8:      layout_loops_ring, chequers_temple_overflow_minitemple
D:9:      layout_roguey, lair_entry_dummy, serial_shops, shop, minivault_15,
          minmay_fractal_squares_5
D:10:     minmay_slanted_spiral_squares, layout_irregular_city, enter_bailey_2,
          mrwooster_statue_mirror
D:11:     layout_basic
D:12:     layout_layer_cave, orc_0_dummy, serial_shops, shop,
          nicolae_shop_back_alley_shop, nicolae_shop_crystal, shop, shop
D:13:     layout_basic, nicolae_elyvilon_temple_path, uniq_azrael, uniq_frances
D:14:     layout_cave_pools, hangedman_vaults_entry_quadrant_bands,
          kennysheep_doodads, uniq_nessos, uniq_louise
Temple:   kb_temple_of_zot
Orc:1:    layout_diamond_mine, basic_altar, serial_shops, shop
Orc:2:    grunt_orc_cross, layout_caves, serial_shops, nicolae_square_shop,
          sword_in_stone, uniq_urug, uniq_donald

Skill      XL: |  1  2  3  4  5  6  7  8  9 10 11 12 13 14 |
---------------+-------------------------------------------+-----
Maces & Flails | 3 4 5 7 8 10 12 13 15 16 17 | 17.2
Armour         | 4 5 7 8 9 10 11 12 | 12.7
Shields        | 4 5 7 9 10 12 | 12.6
Fighting       | 4 5 6 7 8 9 10 12 13 | 13.1
Evocations     | 1 3 5 |  5.2

Action                     |  1- 3 |  4- 6 |  7- 9 | 10-12 | 13-15 || total
---------------------------+-------+-------+-------+-------+-------++-------
  Melee: Flail             |   127 |   194 |   272 |   570 |       ||  1163
         Eveningstar       |       |       |       |       |   658 ||   658
  Throw: Dart              |     1 |    13 |    25 |    58 |    24 ||   121
         Boomerang         |       |       |     9 |       |       ||     9
 Invoke: Potion Petition   |       |       |       |     1 |       ||     1
         Call Merchant     |       |       |       |       |     1 ||     1
  Evoke: Wand              |       |       |     9 |    14 |     6 ||    29
    Use: Scroll            |       |     3 |     2 |    18 |     6 ||    29
         Potion            |       |       |     6 |     5 |     4 ||    15
   Stab: Paralysed         |       |       |    11 |    19 |     3 ||    33
         Invisible         |       |       |       |     4 |     4 ||     8
         Distracted        |       |       |       |     2 |     3 ||     5
 Armour: Scale mail        |   119 |    20 |       |       |       ||   139
         Plate armour      |       |   147 |   179 |   273 |       ||   599
         Skin              |       |       |    59 |       |       ||    59
         Quicksilver drago |       |       |       |   195 |    25 ||   220
         Chain mail        |       |       |       |       |   477 ||   477
  Dodge: Dodged            |    52 |    56 |    49 |   110 |   182 ||   449
  Block: Buckler           |    32 |    39 |    31 |       |       ||   102
         Kite shield       |       |       |    47 |   244 |   370 ||   661

Table legend: (Time is in decaauts)
 A = Elapsed time spent in this place.
 B = Non-inter-level travel time spent in this place.
 C = Inter-level travel time spent in this place.
 D = Time resting spent in this place.
 E = Time spent auto-exploring this place.
 F = Levels seen in this place.
 G = Mean time per level.
                   A        B        C        D        E       F      G
               +--------+--------+--------+--------+--------+-----+--------+
         Total |  18874 |  18300 |    574 |   3555 |  10943 |  18 | 1048.6 |
       Dungeon |  15496 |  14979 |    517 |   2068 |  10018 |  14 | 1106.9 |
        Temple |     10 |      6 |      4 |      0 |      0 |   1 |   10.0 |
  Orcish Mines |   2636 |   2585 |     51 |   1132 |    755 |   2 | 1318.0 |
        Bailey |    729 |    729 |      0 |    355 |    170 |   1 |  729.0 |
               +--------+--------+--------+--------+--------+-----+--------+

Top non-repeatable levels by time:
    D:13: 1991 daAuts
   Orc:1: 1931 daAuts
    D:12: 1841 daAuts
    D:10: 1707 daAuts
     D:7: 1589 daAuts
     D:6: 1163 daAuts
     D:5: 1103 daAuts
     D:9: 1004 daAuts
     D:4: 945 daAuts
     D:1: 913 daAuts
     D:3: 853 daAuts
     D:8: 835 daAuts
     D:2: 804 daAuts
  Bailey: 729 daAuts
    D:11: 724 daAuts
